Map: [ESL] Altitude

Players

herO

  • Race: Protoss Protoss

Oliveira - Winner!

  • Race: Terran Terran

Event: IEM Katowice 2023

VOD

Have the link to the VOD?

Description

Time

  • Played on: Feb. 12, 2023, 11:37 a.m.
  • Length: 7:27

All games in this series

Show
View Real Time Build Order
Export as new Build Order

herO Protoss 

Build Orders: 1 Gate Expand, Blink Stalkers 

Get SALT Encoding   

  12  0:00  Probe  
  13  0:12  Probe  
  14  0:17  Pylon  
  14  0:24  Probe  
  15  0:35  Gateway  
  15  0:37  Probe (Chrono Boost)  
  16  0:45  Assimilator  
  16  0:49  Probe (Chrono Boost)  
  17  0:55  Probe (Chrono Boost)  
  18  1:03  Probe  
  19  1:15  Probe  
  20  1:22  Cybernetics Core  
  20  1:35  Nexus  
  20  1:42  Pylon  
  20  1:44  Probe  
  21  1:51  Assimilator  
  21  1:56  Probe  
  21  1:57  Adept (Chrono Boost)  
  24  2:02  Warp Gate  
  24  2:08  Probe  
  25  2:17  Adept (Chrono Boost)  
  25  2:21  Probe  
  28  2:26  Twilight Council  
  28  2:33  Probe  
  29  2:39  Stalker  
  31  2:47  Probe x2  
  33  2:54  Blink (Chrono Boost)  
  33  2:59  Probe x2  
  35  3:06  Gateway  
  35  3:12  Probe x2  
  37  3:24  Probe x2  
  39  3:28  Robotics Facility  
  39  3:31  Pylon  
  39  3:36  Probe x2  
  39  3:40  Gateway  
  41  3:48  Probe x2  
  41  3:51  Stalker  
  45  4:00  Gateway, Probe  
  45  4:01  Probe  
  45  4:03  Stalker  
  47  4:10  Pylon  
  47  4:13  Probe x2  
  47  4:15  Stalker  
  51  4:18  Observer (Chrono Boost)  
  52  4:25  Shield Battery  
  52  4:31  Stalker  
  54  4:35  Stalker, Warp Prism (Chrono Boost)  
  58  4:42  Stalker  
  58  4:43  Pylon  
  61  4:45  Probe x2  
  61  4:50  Assimilator  
  62  4:53  Assimilator  
  62  5:01  Probe x2  
  62  5:05  Observer  
  62  5:06  Pylon  
  65  5:07  Pylon  
  65  5:10  Observer  
  65  5:14  Probe x2  
  65  5:18  Stalker  
  69  5:24  Stalker x3  
  75  5:29  Forge  
  75  5:32  Robotics Bay  
  75  5:36  Pylon  
  75  5:54  Stalker  
  75  5:55  Stalker x3  
  83  6:04  Nexus  
  83  6:09  Shield Battery  
  83  6:20  Zealot x3  
  83  6:26  Colossus (Chrono Boost)  
  88  6:36  Sentry  
  88  6:38  Probe x2  
  84  6:48  Zealot x3  
  88  6:59  Stalker  
  67  7:11  Stalker  
  67  7:14  Probe  
  67  7:15  Probe  
Show
View Real Time Build Order
Export as new Build Order

Oliveira Terran - Winner!

Build Orders: Reaper Expand 

Get SALT Encoding   

  12  0:00  SCV  
  13  0:12  SCV  
  14  0:17  Supply Depot  
  14  0:24  SCV  
  15  0:39  SCV  
  15  0:41  Barracks  
  16  0:45  Refinery  
  16  0:51  SCV  
  17  1:03  SCV  
  18  1:15  SCV  
  19  1:28  Orbital Command  
  19  1:29  Reaper  
  20  1:41  Command Center  
  20  1:53  SCV  
  21  1:55  Supply Depot  
  21  2:01  Marine  
  21  2:05  SCV  
  21  2:08  Factory  
  23  2:18  SCV  
  23  2:20  Bunker  
  24  2:24  Barracks Reactor  
  24  2:30  Barracks, SCV  
  25  2:43  SCV  
  26  2:47  Refinery  
  26  2:52  Factory Tech Lab  
  26  2:55  Orbital Command  
  26  2:56  SCV  
  27  3:01  Marine x2  
  29  3:08  SCV  
  29  3:12  Cyclone  
  33  3:18  Barracks Tech Lab  
  33  3:19  Marine x2  
  34  3:20  SCV  
  34  3:23  SCV  
  36  3:33  SCV  
  37  3:34  Supply Depot  
  37  3:35  SCV  
  37  3:37  Stimpack  
  37  3:40  Marine  
  39  3:42  Marine  
  39  3:43  Marine  
  39  3:46  SCV  
  39  3:47  SCV  
  43  3:54  Engineering Bay  
  43  3:59  Marine, SCV  
  43  4:00  SCV  
  45  4:08  Barracks  
  45  4:11  Marine  
  45  4:12  SCV, Supply Depot  
  45  4:13  SCV  
  48  4:17  Marine x2  
  48  4:22  Terran Infantry Weapons Level 1  
  48  4:24  SCV  
  51  4:25  SCV  
  51  4:29  Marine  
  53  4:34  Supply Depot  
  53  4:35  Marine  
  53  4:36  SCV  
  53  4:37  SCV  
  56  4:39  Starport  
  56  4:40  Factory Reactor  
  56  4:41  Marine  
  57  4:46  Marine  
  57  4:48  SCV  
  57  4:49  SCV, Refinery  
  57  4:52  Supply Depot  
  60  4:53  Marine  
  60  4:55  Combat Shield  
  60  4:56  Marine  
  60  4:59  Marine  
  63  5:00  SCV  
  63  5:03  SCV  
  63  5:05  Supply Depot  
  65  5:08  Marine  
  65  5:11  Marauder  
  65  5:13  SCV  
  69  5:14  Marauder  
  69  5:15  SCV  
  72  5:22  Medivac x2  
  72  5:25  Marine, Factory Tech Lab  
  72  5:26  Refinery  
  77  5:28  Supply Depot  
  77  5:29  SCV  
  77  5:30  SCV  
  77  5:33  Marine  
  80  5:37  Marauder  
  80  5:41  SCV  
  83  5:43  Marine  
  83  5:48  Missile Turret  
  83  5:49  SCV  
  84  5:50  Marine, Missile Turret  
  84  5:53  SCV  
  84  5:54  Marauder  
  85  5:58  Siege Tank  
  85  6:01  Marine x2  
  85  6:02  SCV  
  91  6:09  Marine  
  91  6:11  Supply Depot  
  91  6:12  Supply Depot  
  91  6:15  Marauder  
  89  6:19  Marine, Marauder  
  89  6:23  SCV x2  
  90  6:27  Marine  
  89  6:35  SCV  
  89  6:36  Marauder, SCV  
  89  6:37  Marine  
  89  6:41  Marine  
  89  6:45  Marine  
  90  6:47  SCV  
  86  6:55  Marine  
  86  6:58  SCV, Marauder  
  86  6:59  Marine  
  85  7:03  Marine  
  85  7:12  SCV  
  85  7:15  SCV  

Tags
 
Add a new tag
Caveats
  • Supply blocks, unpowered buildings, or Contaminate may cause inaccurate times.
  • Supply counts are checked every 10 seconds.